 Dungeon Crawl Stone Soup version 0.31-a0-963-ga325b2283a (webtiles) character file.

Game seed: 5544923650284479608

112 IdlyInterested the Cutter (level 4, -5/33 HPs)
             Began as a Demonspawn Gladiator on Oct 25, 2023.
             Blown up by Ijyb (19 damage)
             ... with a mindburst bolt
             ... on level 3 of the Dungeon.
             The game lasted 00:06:36 (1861 turns).

IdlyInterested the Cutter (Demonspawn Gladiator)    Turns: 1861, Time: 00:06:37

Health: -5/33      AC:  6    Str: 14    XL:     4   Next: 63%
Magic:  5/5        EV: 14    Int: 15    God:
Gold:   62         SH:  0    Dex: 15    Spells: 5/5 levels left

rFire   + . .        e - +2 whip (freeze)
rCold   . . .        (no shield)
rNeg    . . .        t - +3 leather armour "Ygrilym" {rF+}
rPois   .            (helmet restricted)
rElec   .            (no cloak)
rCorr   .            (no gloves)
SInv    .            (no boots)
Will    .....        (no amulet)
Stlth   +            o - +6 ring of intelligence
HPRegen 0.25/turn    s - ring of wizardry
MPRegen 0.09/turn

%: random rage (3%), wizardry (x1)
@: no status effects
A: repulsion field 1, demonic magic 1, horns 1, berserk 1, clumsy 1, MP-powered
wands
a: no special abilities


You were on level 3 of the Dungeon.
You visited 1 branch of the dungeon, and saw 3 of its levels.

You collected 62 gold pieces.

Inventory:

Hand Weapons
 e - a +2 whip of freezing (weapon)
 g - a +0 dagger
 j - a +0 short sword
Missiles
 c - 3 throwing nets
 d - a javelin
 f - 4 darts of dispersal
 m - 22 stones (quivered)
Armour
 b - a +0 helmet
 t - the +3 leather armour "Ygrilym" (worn) {rF+}
   (You found it on level 2 of the Dungeon)

   rF+:       It protects you from fire.
 u - a +0 chain mail of cold resistance
Magical Staves
 n - a staff of earth
Jewellery
 o - a +6 ring of intelligence (left hand)
 s - a ring of wizardry (right hand)
Scrolls
 k - a scroll of teleportation
 l - 3 scrolls of vulnerability
 p - a scroll of identify {unknown}
 w - a scroll of noise {unknown}
 x - a scroll of enchant weapon {unknown}
 y - a scroll of fear {unknown}
 z - a scroll of silence {unknown}
Potions
 a - a potion of ambrosia {unknown}
 h - a potion of mutation
 i - a potion of curing {unknown}
 q - a potion of heal wounds {unknown}
 r - a potion of enlightenment {unknown}
 v - a potion of haste {unknown}


   Skills:
 - Level 2.0 Fighting
 * Level 2.7 Short Blades
 - Level 1.7 Throwing
 - Level 1.0 Armour
 - Level 2.6 Dodging
 - Level 1.0 Stealth
 - Level 2.6 Unarmed Combat
 - Level 1.0 Spellcasting
 - Level 1.0 Evocations
 - Level 1.0 Shapeshifting


You had 5 spell levels left.
You didn't know any spells.
Your spell library contained the following spells:

 Spells                   Type           Power      Damage    Failure   Level
 Lesser Beckoning         Tloc           0%         N/A       17%         2
 Gell's Gravitas          Tloc           0%         N/A       32%         3
 Teleport Other           Tloc           0%         N/A       32%         3


Dungeon Overview and Level Annotations

Branches:
Dungeon (3/15)

Altars:
Lugonu

Portals:
Abyss: D:3

Annotations:
D:3 Ijyb


Innate Abilities, Weirdness & Mutations

You are surrounded by a mild repulsion field. (EV +2)
Spells you cast may paralyse adjacent enemies.
You have a pair of small horns on your head.
You sometimes lose your temper in combat.
You are clumsy. (Dex -2)
You expend magic power (3 MP) to strengthen your wands.


Message History

The goblin shouts!
You closely miss the goblin.
You headbutt the goblin, but do no damage.
The goblin closely misses you.
You barely miss the goblin. You headbutt the goblin.
The goblin is moderately wounded.
The goblin completely misses you.
You hit the goblin. You freeze the goblin. You headbutt the goblin.
You kill the goblin!
You see here a +0 dagger.
A ball python comes into view.
Found a scroll labelled ICAB ISKYHAU.
Found a corrupted altar of Lugonu.
The ball python hisses angrily.
The ball python completely misses you. The ball python misses you.
The ball python closely misses you. The ball python grabs you.
The ball python constricts you.
You hit the ball python.
The ball python seems to slow down.
You freeze the ball python.
You kill the ball python!
Found a one-way gate to the infinite horrors of the Abyss.
A lurking horror comes into view.
You see here a scroll labelled ICAB ISKYHAU.
Press: ? - help, v - describe, . - travel
Here: a lurking horror The floor.
You closely miss the lurking horror. You headbutt the lurking horror.
Your body is wracked with pain!
z - a scroll labelled ICAB ISKYHAU Ijyb the Twisted Goblin comes into view.
She is wielding a +0 club and carrying a wand of mindburst.
Ijyb shouts!
Ijyb zaps a wand.
Your mind is blasted!
A ball python comes into view.
The ball python hisses angrily.
Ijyb zaps a wand.
You barely resist. You hit Ijyb. You freeze Ijyb.
Ijyb is lightly wounded.
Ijyb zaps a wand.
Your mind is blasted!
Ouch! That really hurt!
You die...

........ .. ...
.>.[.... .. #...#.
.. ...<.... .#..# ..
#.# ........ ## .#..
.#... .#.....#
##.#.S# #g..###
.##...##
#.#..####.#.#..
.....##
##.#.........#.#.#
######
###.##S####..._...#
# #.......@g.#..##.#
###
##.#.##.##.....ยงยง#
..##
##...#.#.#.####..##
.#.####...........
##.#
###.##.....###.#.#
... # ##..)...##
#.##. .#. #.##...##
#.# #. # # #.# ##.##
#.# .# #.# #.#


You could see Ijyb and a ball python.

Vanquished Creatures
  Terence (D:3)
  4 adders
  3 dart slugs
  3 orcs (D:2)
  2 endoplasms
  2 giant cockroaches
  5 goblins
  5 hobgoblins
  6 kobolds
  A quokka (D:1)
  2 ball pythons
  3 bats
  3 frilled lizards
  5 rats
  A lurking horror (D:3)
46 creatures vanquished.

Notes
Turn   | Place    | Note
-------+----------+-------------------------------------------
     0 | D:1      | IdlyInterested the Demonspawn Gladiator began the quest for
                  | the Orb.
     0 | D:1      | Reached XP level 1. HP: 16/16 MP: 1/1
    44 | D:1      | Found a faded altar of an unknown god.
    52 | D:1      | Reached skill level 1 in Armour
    62 | D:1      | Reached skill level 1 in Stealth
   140 | D:1      | Gained mutation: Spells you cast may paralyse adjacent
                  | enemies. [demonic ancestry]
   140 | D:1      | Reached XP level 2. HP: 22/22 MP: 2/2
   257 | D:1      | Reached skill level 1 in Evocations
   542 | D:1      | Reached skill level 1 in Shapeshifting
   768 | D:2      | Gained mutation: You have a pair of small horns on your
                  | head. [potion of mutation]
   768 | D:2      | Gained mutation: You sometimes lose your temper in combat.
                  | [potion of mutation]
   768 | D:2      | Gained mutation: You are clumsy. (Dex -2) [potion of
                  | mutation]
   768 | D:2      | Gained mutation: You expend magic power (3 MP) to
                  | strengthen your wands. [potion of mutation]
   782 | D:2      | Reached XP level 3. HP: 27/27 MP: 2/4
   810 | D:2      | Identified the +3 leather armour "Ygrilym" {rF+}
   842 | D:2      | Reached skill level 1 in Spellcasting
  1170 | D:2      | Reached skill level 1 in Short Blades
  1530 | D:2      | Gained mutation: You are surrounded by a mild repulsion
                  | field. (EV +2) [demonic ancestry]
  1530 | D:2      | Reached XP level 4. HP: 32/33 MP: 5/5
  1762 | D:3      | Noticed Terence
  1780 | D:3      | Killed Terence
  1841 | D:3      | Found a corrupted altar of Lugonu.
  1844 | D:3      | Found a one-way gate to the infinite horrors of the Abyss.
  1851 | D:3      | Noticed Ijyb
  1861 | D:3      | Blown up by Ijyb

Illustrated notes

Levels and vault maps discovered:
D:1:      lightli_arrival_maybe_door_vault, layout_basic,
          chequers_ecumenical_altar_island, minmay_pentomino_o2
D:2:      layout_basic, chequers_serial_rivers_small_a
D:3:      layout_loops_ring, nicolae_sif_muna_condensation,
          chequers_temple_overflow_statue_of_worship, kiku_gazebo_garden_becter,
          lemuel_coloured_pillars_altar, minmay_misc_feat_four_crosses,
          amcnicky_altar_lugonu_corruption, uniq_ijyb, uniq_natasha,
          uniq_terence

Skill      XL: |  1  2  3  4 |
---------------+-------------+-----
Armour         | 1 |  1.0
Stealth        | 1 |  1.0
Evocations     | 1 |  1.0
Shapeshifting  | 1 |  1.0
Spellcasting   | 1 |  1.0
Short Blades   | 1 2 |  2.7
Fighting       | |  2.0
Throwing       | |  1.7
Dodging        | |  2.6
Unarmed Combat | |  2.6

Action                     |  1- 3 |  4- 6 || total
---------------------------+-------+-------++-------
  Melee: Whip              |   126 |    25 ||   151
         Punch             |     2 |     1 ||     3
         Headbutt          |     7 |     8 ||    15
  Throw: Stone             |       |     1 ||     1
    Use: Scroll            |     2 |       ||     2
         Potion            |     1 |       ||     1
   Stab: Sleeping          |     2 |       ||     2
 Armour: Leather armour    |    61 |     8 ||    69
  Dodge: Dodged            |    90 |    15 ||   105

Table legend: (Time is in decaauts)
 A = Elapsed time spent in this place.
 B = Non-inter-level travel time spent in this place.
 C = Inter-level travel time spent in this place.
 D = Time resting spent in this place.
 E = Time spent auto-exploring this place.
 F = Levels seen in this place.
 G = Mean time per level.
                   A        B        C        D        E       F      G
               +--------+--------+--------+--------+--------+-----+--------+
         Total |   1891 |   1744 |    147 |    134 |   1087 |   3 |  630.3 |
       Dungeon |   1891 |   1744 |    147 |    134 |   1087 |   3 |  630.3 |
               +--------+--------+--------+--------+--------+-----+--------+

Top non-repeatable levels by time:
     D:2: 1011 daAuts
     D:1: 768 daAuts
     D:3: 111 daAuts
